Workbook
Name Constr: '25203'!#REF!
Name Constr: '25222'!#REF!
Name FOT: '25203'!$D$18
Name FOT: '25222'!$D$18
Name Ind: '25203'!$H$7
Name Ind: '25222'!$H$7
Name Obj: '25203'!$E$10
Name Obj: '25222'!$E$10
Name Obosn: '25203'!$D$14
Name Obosn: '25222'!$D$14
Name SmPr: '25203'!$D$15
Name SmPr: '25222'!$D$15
Name аааааппппппрррппппппп: #REF!
Name аааааппппппрррппппппп: #REF!
Name аааааппппппрррппппппп: #REF!
Name аараооооооооооооо: #REF!
Name аараооооооооооооо: #REF!
Name аараооооооооооооо: #REF!
Name автом: #REF!
Name автом: #REF!
Name автом: #REF!
Name алшрльоплварл: #REF!
Name алшрльоплварл: #REF!
Name алшрльоплварл: #REF!
Name аолвлддддддддддддддддввввввввв: #REF!
Name аолвлддддддддддддддддввввввввв: #REF!
Name аолвлддддддддддддддддввввввввв: #REF!
Name апарв: #REF!
Name апарв: #REF!
Name апарв: #REF!
Name апрлдджаоырыфрпопрлпрлпрлп: #REF!
Name апрлдджаоырыфрпопрлпрлпрлп: #REF!
Name апрлдджаоырыфрпопрлпрлпрлп: #REF!
Name арлггаджаш: #REF!
Name арлггаджаш: #REF!
Name арлггаджаш: #REF!
Name ароррбллтблпроорапииас: #REF!
Name ароррбллтблпроорапииас: #REF!
Name ароррбллтблпроорапииас: #REF!
Name арррррблллпдрлдддддддддд: #REF!
Name арррррблллпдрлдддддддддд: #REF!
Name арррррблллпдрлдддддддддд: #REF!
Name варпаааааааааа: #REF!
Name варпаааааааааа: #REF!
Name варпаааааааааа: #REF!
Name ввпьььььлднд: #REF!
Name ввпьььььлднд: #REF!
Name ввпьььььлднд: #REF!
Name вед: #REF!
Name вед: #REF!
Name вед: #REF!
Name вертикальная: #REF!
Name вертикальная: #REF!
Name вертикальная: #REF!
Name вертикплан: #REF!
Name вертикплан: #REF!
Name вертикплан: #REF!
Name волен: #REF!
Name волен: #REF!
Name волен: #REF!

Sheet 25203
A1: СОГЛАСОВАНО: | E1: ФГУП "Комбинат "Электрохимприбор" | L1: УТВЕРЖДАЮ:
G2: (наименование стройки) | L2: Зам.генерального директора
A3: _________________ | M3: Е.В. Гордеев
A4: " _____ " ________________ 2014 г. | L4: __________________
L5: "______ " __________2014 г.
H7: ЛОКАЛЬНЫЙ СМЕТНЫЙ РАСЧЕТ № 25203
H8: (локальная смета)
C10: на | D10: монтажные работы по строительству здания 637. Площадка 6
E11: Раздел: Электроснабжение (наружные сети)
H12: (наименование работ и затрат, наименование объекта)
D14: Основание: Проект №24799-13-ЭС
D15: Сметная стоимость _______________________________________________________________________________________________ | J15: ___________________________22,524 | L15: тыс. руб.
D16: строительных работ _______________________________________________________________________________________________ | J16: _______________________________________________________________________________________________4,835 | L16: тыс. руб.
D17: монтажных работ _______________________________________________________________________________________________ | J17: _______________________________________________________________________________________________17,689 | L17: тыс. руб.
D18: Средства на оплату труда _______________________________________________________________________________________________ | J18: ___________________________1,717 | L18: тыс. руб.
D19: Сметная трудоемкость _______________________________________________________________________________________________ | J19: _______________________________________________________________________________________________84,79 | L19: чел.час
D20: Составлен(а) в базовых ценах 2001г. в редакции 2009г.
A21: № пп | B21: Обоснование | C21: Наименование | D21: Ед. изм. | E21: Кол. | F21: Стоимость единицы, руб. | J21: Общая стоимость, руб. | N21: Т/з осн. раб.на ед. | O21: Т/з осн. раб. Всего | P21: Т/з мех. на ед. | Q21: Т/з мех. Всего
F22: Всего | G22: В том числе | J22: Всего | K22: В том числе
G23: Осн.З/п | H23: Эк.Маш | I23: З/пМех | K23: Осн.З/п | L23: Эк.Маш | M23: З/пМех
A24: 1 | B24: 2 | C24: 3 | D24: 4 | E24: 5 | F24: 6 | G24: 7 | H24: 8 | I24: 9 | J24: 10 | K24: 11 | L24: 12 | M24: 13 | N24: 14 | O24: 15 | P24: 16 | Q24: 17
A25: Раздел 1. Монтажные работы (наружные сети)
A26: 1 | B26: ФССЦ-504-0308 | C26: Ящики силовые серии ЯРП типа ЯРП-100 на 100А КОЭФ. К ПОЗИЦИИ: Приведение расценок ФЕР к территориальному уровню (Письмо УРЦЦС Ц-297 от 12.04.2011) ОЗП=1,41; ЭМ=1,242; ЗПМ=1,41; МАТ=1,052 | D26: шт. | E26: 1 | F26: 849.05 | J26: 849
A27: 2 | B27: ТЕРм08-03-521-01 | C27: Рубильник на плите с центральной или боковой рукояткой или управлением штангой, устанавливаемый на металлическом основании, однополюсный на ток до 250 А | D27: 1 шт. | E27: 1 | F27: 55 | G27: 17.7 | H27: 0.33 | J27: 55 | K27: 18 | N27: 1.18 | O27: 1.18
A28: 3 | B28: ТЕРм08-02-472-06 | C28: Проводник заземляющий открыто по строительным основаниям из полосовой стали сечением 100 мм2 | D28: 100 м | E28: 0.15 | F28: 1351.39 | G28: 251.75 | H28: 85.67 | I28: 3.46 | J28: 203 | K28: 38 | L28: 13 | M28: 1 | N28: 19 | O28: 2.85 | P28: 0.19 | Q28: 0.03
A29: 4 | B29: ФССЦ-501-8462 | C29: Кабель силовой с медными жилами с поливинилхлоридной изоляцией и оболочкой, не распространяющий горение марки ВВГнг, напряжением 0,66 кВ, с числом жил - 5 и сечением 25 мм2 КОЭФ. К ПОЗИЦИИ: Приведение расценок ФЕР к территориальному уровню (Письмо УРЦЦС Ц-297 от 12.04.2011) ОЗП=1,41; ЭМ=1,242; ЗПМ=1,41; МАТ=1,052 | D29: 1000 м | E29: 0.005 | F29: 79969.35 | J29: 400
A30: 5 | B30: ТЕРм08-02-146-01 | C30: Кабель до 35 кВ с креплением накладными скобами, масса 1 м кабеля до 0,5 кг КОЭФ. К ПОЗИЦИИ: Т.ч. п.1.8.3 Производство работ на высоте св.2 до 8 м ОЗП=1,05; ТЗ=1,05 | D30: 100 м кабеля | E30: 0.05 | F30: 2838.69 | G30: 209.15 | H30: 1292.95 | I30: 147.72 | J30: 142 | K30: 10 | L30: 65 | M30: 7 | N30: 15.44 | O30: 0.77 | P30: 8.36 | Q30: 0.42
A31: 6 | B31: Цена поставщика 2014г. | C31: Кабель силовой медный с ПВХ изоляцией с защитным покровом типа БбШв пониженной горючести сечением 5х25 | D31: 1000м | E31: 0.095 | F31: 77016,61 543460/1,18/5,98 | J31: 7317
A32: 7 | B32: ТЕРм08-02-142-01 | C32: Устройство постели при одном кабеле в траншее | D32: 100 м кабеля | E32: 0.25 | F32: 1549.97 | G32: 89.84 | H32: 1458.33 | I32: 90.82 | J32: 387 | K32: 22 | L32: 365 | M32: 23 | N32: 6.63 | O32: 1.66 | P32: 4.99 | Q32: 1.25
A33: 8 | B33: ТЕРм08-02-142-02 | C33: На каждый последующий кабель добавлять к расценке 08-02-142-01 | D33: 100 м кабеля | E33: 0.25 | F33: 452.33 | G33: 33.74 | H33: 417.92 | I33: 26.03 | J33: 113 | K33: 8 | L33: 104 | M33: 7 | N33: 2.49 | O33: 0.62 | P33: 1.43 | Q33: 0.36
A34: 9 | B34: ТЕРм08-02-143-01 | C34: Покрытие кабеля, проложенного в траншее кирпичом одного кабеля | D34: 100 м кабеля | E34: 0.18 | F34: 1329.11 | G34: 88.21 | H34: 1239.14 | I34: 77.17 | J34: 239 | K34: 16 | L34: 223 | M34: 14 | N34: 6.51 | O34: 1.17 | P34: 4.24 | Q34: 0.76
A35: 10 | B35: ТЕРм08-02-143-02 | C35: Покрытие кабеля, проложенного в траншее кирпичом каждого последующего | D35: 100 м кабеля | E35: 0.18 | F35: 789.31 | G35: 46.07 | H35: 742.32 | I35: 46.23 | J35: 142 | K35: 8 | L35: 134 | M35: 8 | N35: 3.4 | O35: 0.61 | P35: 2.54 | Q35: 0.46
A36: 11 | B36: ТСЦ-404-0005 | C36: Кирпич керамический одинарный, размером 250х120х65 мм, марка 100 | D36: 1000 шт. | E36: 0.468 | F36: 1006.39 | J36: 471
A37: 12 | B37: ТЕРм08-02-148-01 | C37: Кабель до 35 кВ в проложенных трубах, блоках и коробах, масса 1 м кабеля до 1 кг ( в траншее) | D37: 100 м кабеля | E37: 0.55 | F37: 798.84 | G37: 168.02 | H37: 544.81 | I37: 57.87 | J37: 439 | K37: 92 | L37: 300 | M37: 32 | N37: 12.4 | O37: 6.82 | P37: 3.39 | Q37: 1.86
A38: 13 | B38: ТЕРм08-02-148-01 | C38: Кабель до 35 кВ в проложенных трубах, блоках и коробах, масса 1 м кабеля до 1 кг (по стене) КОЭФ. К ПОЗИЦИИ: Т.ч. п.1.8.3 Производство работ на высоте св.2 до 8 м ОЗП=1,05; ТЗ=1,05 | D38: 100 м кабеля | E38: 0.1 | F38: 807.24 | G38: 176.42 | H38: 544.81 | I38: 57.87 | J38: 81 | K38: 18 | L38: 54 | M38: 6 | N38: 13.02 | O38: 1.3 | P38: 3.39 | Q38: 0.34
A39: 14 | B39: ТЕРм08-02-146-01 | C39: Кабель до 35 кВ с креплением накладными скобами, масса 1 м кабеля до 0,5 кг КОЭФ. К ПОЗИЦИИ: Т.ч. п.1.8.3 Производство работ на высоте св.2 до 8 м ОЗП=1,05; ТЗ=1,05 | D39: 100 м кабеля | E39: 0.3 | F39: 2838.69 | G39: 209.15 | H39: 1292.95 | I39: 147.72 | J39: 852 | K39: 63 | L39: 388 | M39: 44 | N39: 15.44 | O39: 4.63 | P39: 8.36 | Q39: 2.51
A40: 15 | B40: ТЕР22-01-011-03 | C40: Укладка стальных водопроводных труб диаметром 100 мм ( в траншее) | D40: 1 км | E40: 0.014 | F40: 102266.83 | G40: 5150.27 | H40: 4754.2 | I40: 605.7 | J40: 1432 | K40: 72 | L40: 67 | M40: 8 | N40: 353 | O40: 4.94 | P40: 41.26 | Q40: 0.58
A41: 16 | B41: ТСЦ-103-0006 | C41: Трубы стальные сварные водогазопроводные с резьбой черные легкие (неоцинкованные) диаметр условного прохода 50 мм, толщина стенки 3 мм | D41: м | E41: 10 | F41: 40.14 | J41: 401
A42: 17 | B42: ТЕРм08-02-407-03 | C42: Труба стальная по установленным конструкциям, по стенам с креплением скобами, диаметр до 50 мм КОЭФ. К ПОЗИЦИИ: Т.ч. п.1.8.3 Производство работ на высоте св.2 до 8 м ОЗП=1,05; ТЗ=1,05 | D42: 100 м | E42: 0.1 | F42: 3580.4 | G42: 659.45 | H42: 1373.2 | I42: 497.53 | J42: 358 | K42: 66 | L42: 137 | M42: 50 | N42: 49.77 | O42: 4.98 | P42: 31.71 | Q42: 3.17
A43: 18 | B43: ТЕРм08-02-144-04 | C43: Присоединение к зажимам жил проводов или кабелей сечением до 35 мм2 КОЭФ. К ПОЗИЦИИ: Т.ч. п.1.8.3 Производство работ на высоте св.2 до 8 ОЗП=1,05; ТЗ=1,05 | D43: 100 шт. | E43: 0.2 | F43: 247.93 | G43: 243.3 | J43: 50 | K43: 49 | N43: 17.96 | O43: 3.59
A44: 19 | B44: ТЕРм08-02-158-14 | C44: Заделка концевая сухая для 3-4-жильного кабеля с пластмассовой и резиновой изоляцией напряжением до 1 кВ, сечение одной жилы до 35 мм2 КОЭФ. К ПОЗИЦИИ: Т.ч. п.1.8.3 Производство работ на высоте св.2 до 8 ОЗП=1,05; ТЗ=1,05 | D44: 1 шт. | E44: 4 | F44: 27.34 | G44: 16.36 | H44: 2.92 | I44: 0.18 | J44: 109 | K44: 65 | L44: 12 | M44: 1 | N44: 1.21 | O44: 4.84 | P44: 0.01 | Q44: 0.04
A45: 20 | B45: ТСЦ-509-0042 | C45: Наконечники кабельные медные соединительные | D45: шт. | E45: 20 | F45: 3.57 | J45: 71
A46: 21 | B46: ТЕРм08-02-374-02 | C46: Устройство ввода в здание в стальной трубе, провод сечением до 16 мм2, количество проводов в линии 3 | D46: 1 шт. | E46: 2 | F46: 672.34 | G46: 64.19 | H46: 591.96 | I46: 68.98 | J46: 1345 | K46: 128 | L46: 1184 | M46: 138 | N46: 4.34 | O46: 8.68 | P46: 3.79 | Q46: 7.58
A47: 22 | B47: ТЕРм08-02-155-01 | C47: Герметизация проходов при вводе кабелей в помещения уплотнительной массой | D47: 1 проход кабеля | E47: 2 | F47: 22.58 | G47: 6.37 | J47: 45 | K47: 13 | N47: 0.47 | O47: 0.94
A48: 23 | B48: ТЕРм08-03-545-17 | C48: Кожух металлический для защиты вводов и электрооборудования | D48: 1 кг | E48: 24.88 | F48: 16.52 | G48: 2.2 | H48: 0.18 | J48: 411 | K48: 55 | L48: 4 | N48: 0.17 | O48: 4.23
A49: 24 | B49: ТСЦ-509-0814 | C49: Кожухи защитные | D49: шт. | E49: 2 | F49: 173.05 | J49: 346
A50: Итого прямые затраты по разделу в ценах 2001г. | J50: 16258 | K50: 741 | L50: 3050 | M50: 339 | O50: 53.81 | Q50: 19.36
A51: Итого прямые затраты по разделу с учетом коэффициентов к итогам | J51: 17743 | K51: 1017 | L51: 4113 | M51: 474 | O51: 70.91 | Q51: 25.93
A52: Накладные расходы | J52: 1446
A53: Сметная прибыль | J53: 989
A54: Итого по разделу 1 Монтажные работы (наружные сети) | J54: 20178 | O54: 70.91 | Q54: 25.93
A55: Раздел 2. Строительные работы
A56: Вскрытие и восстановление асфальтобетона S=6м2 и отмостки
A57: 25 | B57: ТЕР27-03-008-04 | C57: Разборка покрытий и оснований асфальтобетонных | D57: 100 м3 | E57: 0.003 | F57: 9798.75 | G57: 2105.46 | H57: 7693.29 | I57: 716.85 | J57: 29 | K57: 6 | L57: 23 | M57: 2 | N57: 179.8 | O57: 0.54 | P57: 45.63 | Q57: 0.14
A58: 26 | B58: ТЕР27-03-008-02 | C58: Разборка покрытий и оснований щебеночных | D58: 100 м3 | E58: 0.009 | F58: 674.6 | G58: 145.29 | H58: 529.31 | I58: 65.38 | J58: 6 | K58: 1 | L58: 5 | M58: 1 | N58: 13.22 | O58: 0.12 | P58: 3.79 | Q58: 0.03
A59: 27 | B59: ТЕР27-04-005-01 | C59: Устройство оснований толщиной 15 см из щебня фракции 40-70 мм при укатке каменных материалов с пределом прочности на сжатие свыше 98,1 МПа (1000 кгс/см2) однослойных | D59: 1000 м2 | E59: 0.006 | F59: 32528.99 | G59: 429.21 | H59: 5950.28 | I59: 827.17 | J59: 195 | K59: 3 | L59: 36 | M59: 5 | N59: 37.29 | O59: 0.22 | P59: 49.92 | Q59: 0.3
A60: 28 | B60: ТЕР27-06-026-01 | C60: Розлив битума (0,8 кг на 1 м2) | D60: 1 т | E60: 0.005 | F60: 2017.46 | H60: 46.53 | I60: 11.16 | J60: 10 | P60: 0.66
A61: 29 | B61: ТЕР27-06-020-01 | C61: Устройство покрытия толщиной 4 см из горячих асфальтобетонных смесей плотных мелкозернистых типа АБВ, плотность каменных материалов 2,5-2,9 т/м3 | D61: 1000 м2 покрытия | E61: 0.006 | F61: 55602.96 | G61: 518.97 | H61: 2984 | I61: 322.26 | J61: 334 | K61: 3 | L61: 18 | M61: 2 | N61: 38.3 | O61: 0.23 | P61: 19.08 | Q61: 0.11
A62: 30 | B62: ТЕР27-06-021-01 | C62: На каждые 0,5 см изменения толщины покрытия добавлять или исключать к расценке 27-06-020-01 | D62: 1000 м2 покрытия | E62: 0.006 | F62: 6501.56 | G62: 1.22 | H62: 3.32 | J62: 39 | N62: 0.09
A63: 31 | B63: ТЕР06-01-001-01 | C63: Восстановление отмостки после вывода двух кабельных линий из траншеи на стену здания 351 | D63: 100 м3 | E63: 0.0004 | F63: 64980.89 | G63: 1978.2 | H63: 4648.35 | I63: 327.6 | J63: 26 | K63: 1 | L63: 2 | N63: 180 | O63: 0.07 | P63: 18 | Q63: 0.01
A64: Земляные работы
A65: 32 | B65: ТЕР01-01-009-09 | C65: Разработка грунта в траншеях экскаватором «обратная лопата» с ковшом вместимостью 0,65 (0,5-1) м3, группа грунтов 3 | D65: 1000 м3 | E65: 0.014 | F65: 5315.48 | H65: 5315.48 | I65: 559.04 | J65: 74 | L65: 74 | M65: 8 | P65: 33.04 | Q65: 0.46
A66: 33 | B66: ТЕР01-01-033-05 | C66: Засыпка траншей и котлованов с перемещением грунта до 5 м бульдозерами мощностью 79 кВт (108 л.с.), группа грунтов 2 | D66: 1000 м3 грунта | E66: 0.009 | F66: 445.76 | H66: 445.76 | I66: 70.73 | J66: 4 | L66: 4 | M66: 1 | P66: 4.18 | Q66: 0.04
A67: 34 | B67: ТЕР01-02-033-01Прим. | C67: Засыпка траншеи песком | D67: 10 м3 | E67: 0.5 | F67: 1714.19 | G67: 136.05 | H67: 113.24 | I67: 14.8 | J67: 857 | K67: 68 | L67: 57 | M67: 7 | N67: 13.43 | O67: 6.72 | P67: 0.93 | Q67: 0.47
A68: 35 | B68: ТЕР01-01-036-02 | C68: Планировка площадей бульдозерами мощностью 79 кВт (108 л.с.) | D68: 1000 м2 | E68: 0.006 | F68: 26.66 | H68: 26.66 | I68: 4.23 | P68: 0.25
A69: 36 | B69: ТЕР01-02-005-01 | C69: Уплотнение грунта пневматическими трамбовками, группа грунтов 1-2 | D69: 100 м3 уплотненного грунта | E69: 0.14 | F69: 604.71 | G69: 150.49 | H69: 454.22 | I69: 47.48 | J69: 85 | K69: 21 | L69: 64 | M69: 7 | N69: 12.53 | O69: 1.75 | P69: 3.04 | Q69: 0.43
A70: Прочие работы
A71: 37 | B71: ТЕР46-03-002-06 | C71: Сверление кольцевыми алмазными сверлами в железобетонных конструкциях с применением охлаждающей жидкости (воды) горизонтальных отверстий глубиной 200 мм диаметром 50 мм | D71: 100 отверстий | E71: 0.01 | F71: 4167.46 | G71: 424.12 | H71: 1412.5 | I71: 399.73 | J71: 42 | K71: 4 | L71: 14 | M71: 4 | N71: 31.3 | O71: 0.31 | P71: 29.5 | Q71: 0.3
A72: 38 | B72: ТЕР46-03-002-22 | C72: На каждые 10 мм изменения глубины сверления добавляется или исключается к расценке 46-03-002-06 КОЭФ. К ПОЗИЦИИ: Поправка на глубину (общая толщ.стен 1000мм) ПЗ=80 (ОЗП=80; ЭМ=80 к расх.; ЗПМ=80; МАТ=80 к расх.; ТЗ=80; ТЗМ=80) | D72: 100 отверстий | E72: 0.01 | F72: 14864 | G72: 693.6 | H72: 4847.2 | I72: 1593.6 | J72: 149 | K72: 7 | L72: 48 | M72: 16 | N72: 51.2 | O72: 0.51 | P72: 117.6 | Q72: 1.18
A73: 39 | B73: ТЕР46-03-002-33 | C73: Сверление кольцевыми алмазными сверлами в железобетонных конструкциях с применением охлаждающей жидкости (воды) горизонтальных отверстий на высоте от опорной площади более 1 м добавляется к расценкам с 46-03-002-01 по 46-03-002-16 | D73: 100 отверстий | E73: 0.01 | F73: 54.88 | G73: 54.88 | J73: 1 | K73: 1 | N73: 4.05 | O73: 0.04
A74: Итого прямые затраты по разделу в ценах 2001г. | J74: 1851 | K74: 115 | L74: 345 | M74: 53 | O74: 10.51 | Q74: 3.47
A75: Итого прямые затраты по разделу с учетом коэффициентов к итогам | J75: 1997 | K75: 159 | L75: 447 | M75: 67 | O75: 13.88 | Q75: 4.16
A76: Накладные расходы | J76: 219
A77: Сметная прибыль | J77: 130
A78: Итого по разделу 2 Строительные работы | J78: 2346 | O78: 13.88 | Q78: 4.16
A79: ИТОГИ ПО СМЕТЕ:
A80: Итого прямые затраты по смете в ценах 2001г. | J80: 18109 | K80: 856 | L80: 3395 | M80: 392 | O80: 64.32 | Q80: 22.83
A81: Итого прямые затраты по смете с учетом коэффициентов к итогам | J81: 19740 | K81: 1176 | L81: 4560 | M81: 541 | O81: 84.79 | Q81: 30.09
A82: В том числе, справочно:
A83: Районный к-т 4,3% (Поз. 15, 25-30, 32-33, 35-36, 34, 37-39, 2-3, 5, 7-10, 12-14, 17-19, 21-23) | J83: 54 | K83: 37 | L83: 17 | M83: 17
A84: Заготовительно-складские расходы на материалы - согласно п.4.64 из МДС 81-35.2004 МАТ=1,02 (Поз. 6) | J84: 146
A85: 2. Производство монтажных работ в существующих зданиях в стесненных условиях: с наличием в зоне производства работ действующего технологического оборудования ОЗП=1,35; ЭМ=1,35; ЗПМ=1,35; ТЗ=1,35; ТЗМ=1,35 (Поз. 2-3, 5, 7-10, 12-14, 17-19, 21-23) | J85: 1293 | K85: 244 | L85: 1049 | M85: 121 | O85: 17.1045 | Q85: 6.573
A86: 3. Производство строительных и других работ в существующих зданиях в стесненных условиях: с наличием в зоне производства работ действующего технологического оборудования ОЗП=1,35; ЭМ=1,35; ЗПМ=1,35; ТЗ=1,35; ТЗМ=1,35 (Поз. 25-33, 35-36, 34) | J86: 138 | K86: 38 | L86: 99 | M86: 12 | O86: 3.3775 | Q86: 0.6965
A87: Накладные расходы | J87: 1665
A88: В том числе, справочно:
A89: 80% ФОТ (от 105) (Поз. 34) | J89: 84
A90: 95% ФОТ (от 1461) (Поз. 32-33, 35-36, 2-3, 5, 7-10, 12-14, 17-19, 21-23) | J90: 1388
A91: 105% ФОТ (от 1) (Поз. 31) | J91: 1
A92: 110% ФОТ (от 34) (Поз. 37-39) | J92: 37
A93: 130% ФОТ (от 83) (Поз. 15) | J93: 108
A94: 142% ФОТ (от 33) (Поз. 25-30) | J94: 47
A95: Сметная прибыль | J95: 1119
A96: В том числе, справочно:
A97: 45% ФОТ (от 105) (Поз. 34) | J97: 47
A98: 50% ФОТ (от 53) (Поз. 32-33, 35-36) | J98: 27
A99: 65% ФОТ (от 1409) (Поз. 31, 2-3, 5, 7-10, 12-14, 17-19, 21-23) | J99: 916
A100: 70% ФОТ (от 34) (Поз. 37-39) | J100: 24
A101: 89% ФОТ (от 83) (Поз. 15) | J101: 74
A102: 95% ФОТ (от 33) (Поз. 25-30) | J102: 31
A103: Итоги по смете:
...

Sheet 25222
A1: СОГЛАСОВАНО: | E1: ФГУП "Комбинат "Электрохимприбор" | L1: УТВЕРЖДАЮ:
G2: (наименование стройки) | L2: Зам.генерального директора
A3: _________________ | M3: Е.В. Гордеев
A4: " _____ " ________________ 2014 г. | L4: __________________
L5: "______ " __________2014 г.
H7: ЛОКАЛЬНЫЙ СМЕТНЫЙ РАСЧЕТ № 25222
H8: (локальная смета)
C10: на | D10: монтажные работы по строительству здания 637. Площадка 6
E11: Раздел: Телефонная связь (наружные сети)
H12: (наименование работ и затрат, наименование объекта)
D14: Основание: Проект №24799-13-ЭС
D15: Сметная стоимость _______________________________________________________________________________________________ | J15: ___________________________6,340 | L15: тыс. руб.
D16: строительных работ _______________________________________________________________________________________________ | J16: _______________________________________________________________________________________________0,551 | L16: тыс. руб.
D17: монтажных работ _______________________________________________________________________________________________ | J17: _______________________________________________________________________________________________5,789 | L17: тыс. руб.
D18: Средства на оплату труда _______________________________________________________________________________________________ | J18: ___________________________0,642 | L18: тыс. руб.
D19: Сметная трудоемкость _______________________________________________________________________________________________ | J19: _______________________________________________________________________________________________30,36 | L19: чел.час
D20: Составлен(а) в базовых ценах 2001г. в редакции 2009г.
A21: № пп | B21: Обоснование | C21: Наименование | D21: Ед. изм. | E21: Кол. | F21: Стоимость единицы, руб. | J21: Общая стоимость, руб. | N21: Т/з осн. раб.на ед. | O21: Т/з осн. раб. Всего | P21: Т/з мех. на ед. | Q21: Т/з мех. Всего
F22: Всего | G22: В том числе | J22: Всего | K22: В том числе
G23: Осн.З/п | H23: Эк.Маш | I23: З/пМех | K23: Осн.З/п | L23: Эк.Маш | M23: З/пМех
A24: 1 | B24: 2 | C24: 3 | D24: 4 | E24: 5 | F24: 6 | G24: 7 | H24: 8 | I24: 9 | J24: 10 | K24: 11 | L24: 12 | M24: 13 | N24: 14 | O24: 15 | P24: 16 | Q24: 17
A25: Раздел 1. Монтажные работы (телефонная связь наружные сети)
A26: 1 | B26: Цена поставщика 2014г. | C26: Распределительная коробка Kronection BOX I | D26: 1 шт. | E26: 2 | F26: 191,46 1351/1,18/5,98 | J26: 383
A27: 2 | B27: Цена поставщика 2014г. | C27: Бокс наружной установки для плинтов LSA-PLUS типоряд 2 емкостью до 50 пар с монтажным хомутом, IP54 (ВС 40) | D27: шт. | E27: 2 | F27: 346,88 54,31*45,07/1,18/5,98 | J27: 694
A28: 3 | B28: Цена поставщика 2014г. | C28: Замок ВС 40/50 | D28: шт. | E28: 2 | F28: 118,61 18,57*45,07/1,18/5,98 | J28: 237
A29: 4 | B29: Цена поставщика 2014г. | C29: Плинт LSA-PLUS 2/10 с нормально замкнутыми контактами | D29: шт. | E29: 6 | F29: 38,39 6,01*45,07/1,18/5,98 | J29: 230
A30: 5 | B30: ТЕРм08-03-573-04 | C30: Шкаф (бокс наружной установки) навесной, высота, ширина и глубина до 600х600х350 мм | D30: 1 шт. | E30: 2 | F30: 99.26 | G30: 33.11 | H30: 62.05 | I30: 4.71 | J30: 199 | K30: 66 | L30: 124 | M30: 9 | N30: 2.37 | O30: 4.74 | P30: 0.29 | Q30: 0.58
A31: 6 | B31: Цена поставщика 2014г. | C31: Кабели связи с полиэтиленовой изоляцией, с алюмополиэтиленовым экраном, марки ТППэп3Б 10х2х0,5 | D31: 1000 м | E31: 0.095 | F31: 9189,04 64841,55/1,18/5,98 | J31: 873
A32: 7 | B32: ТЕРм08-02-148-01 | C32: Кабель до 35 кВ в проложенных трубах, блоках и коробах, масса 1 м кабеля до 1 кг ( в траншее) | D32: 100 м кабеля | E32: 0.55 | F32: 798.84 | G32: 168.02 | H32: 544.81 | I32: 57.87 | J32: 439 | K32: 92 | L32: 300 | M32: 32 | N32: 12.4 | O32: 6.82 | P32: 3.39 | Q32: 1.86
A33: 8 | B33: ТЕРм08-02-148-01 | C33: Кабель до 35 кВ в проложенных трубах, блоках и коробах, масса 1 м кабеля до 1 кг (по стене) КОЭФ. К ПОЗИЦИИ: Т.ч. п.1.8.3 Производство работ на высоте св.2 до 8 м ОЗП=1,05; ТЗ=1,05 | D33: 100 м кабеля | E33: 0.1 | F33: 807.24 | G33: 176.42 | H33: 544.81 | I33: 57.87 | J33: 81 | K33: 18 | L33: 54 | M33: 6 | N33: 13.02 | O33: 1.3 | P33: 3.39 | Q33: 0.34
A34: 9 | B34: ТЕРм08-02-146-01 | C34: Кабель до 35 кВ с креплением накладными скобами, масса 1 м кабеля до 0,5 кг КОЭФ. К ПОЗИЦИИ: Т.ч. п.1.8.3 Производство работ на высоте св.2 до 8 м ОЗП=1,05; ТЗ=1,05 | D34: 100 м кабеля | E34: 0.3 | F34: 2838.69 | G34: 209.15 | H34: 1292.95 | I34: 147.72 | J34: 852 | K34: 63 | L34: 388 | M34: 44 | N34: 15.44 | O34: 4.63 | P34: 8.36 | Q34: 2.51
A35: 10 | B35: ТСЦ-103-0005 | C35: Трубы стальные сварные водогазопроводные с резьбой черные легкие (неоцинкованные) диаметр условного прохода 40 мм, толщина стенки 3 мм | D35: м | E35: 10 | F35: 32.13 | J35: 321
A36: 11 | B36: ТЕРм08-02-407-02 | C36: Труба стальная по установленным конструкциям, по стенам с креплением скобами, диаметр до 40 мм КОЭФ. К ПОЗИЦИИ: Т.ч. п.1.8.3 Производство работ на высоте св.2 до 8 м ОЗП=1,05; ТЗ=1,05 | D36: 100 м | E36: 0.1 | F36: 3036.61 | G36: 577.37 | H36: 1234.04 | I36: 433.04 | J36: 304 | K36: 58 | L36: 123 | M36: 43 | N36: 43.58 | O36: 4.36 | P36: 27.6 | Q36: 2.76
A37: Итого прямые затраты по разделу в ценах 2001г. | J37: 4613 | K37: 297 | L37: 989 | M37: 134 | O37: 21.85 | Q37: 8.05
A38: Итого прямые затраты по разделу с учетом коэффициентов к итогам | J38: 5137 | K38: 419 | L38: 1343 | M38: 189 | O38: 29.5 | Q38: 10.87
A39: Накладные расходы | J39: 578
A40: Сметная прибыль | J40: 395
A41: Итого по разделу 1 Монтажные работы (телефонная связь наружные сети) | J41: 6110 | O41: 29.5 | Q41: 10.87
A42: Раздел 2. Строительные работы
A43: Прочие работы
A44: 12 | B44: ТЕР46-03-002-04 | C44: Сверление кольцевыми алмазными сверлами в железобетонных конструкциях с применением охлаждающей жидкости (воды) горизонтальных отверстий глубиной 200 мм диаметром 40 мм | D44: 100 отверстий | E44: 0.01 | F44: 3683.27 | G44: 424.12 | H44: 1412.5 | I44: 399.73 | J44: 37 | K44: 4 | L44: 14 | M44: 4 | N44: 31.3 | O44: 0.31 | P44: 29.5 | Q44: 0.3
A45: 13 | B45: ТЕР46-03-002-20 | C45: На каждые 10 мм изменения глубины сверления добавляется или исключается к расценке 46-03-002-04 КОЭФ. К ПОЗИЦИИ: Поправка на глубину (общая толщ.стен 1000мм) ПЗ=80 (ОЗП=80; ЭМ=80 к расх.; ЗПМ=80; МАТ=80 к расх.; ТЗ=80; ТЗМ=80) | D45: 100 отверстий | E45: 0.01 | F45: 12927.2 | G45: 693.6 | H45: 4847.2 | I45: 1593.6 | J45: 129 | K45: 7 | L45: 48 | M45: 16 | N45: 51.2 | O45: 0.51 | P45: 117.6 | Q45: 1.18
A46: 14 | B46: ТЕР46-03-002-33 | C46: Сверление кольцевыми алмазными сверлами в железобетонных конструкциях с применением охлаждающей жидкости (воды) горизонтальных отверстий на высоте от опорной площади более 1 м добавляется к расценкам с 46-03-002-01 по 46-03-002-16 | D46: 100 отверстий | E46: 0.01 | F46: 54.88 | G46: 54.88 | J46: 1 | K46: 1 | N46: 4.05 | O46: 0.04
A47: Итого прямые затраты по разделу в ценах 2001г. | J47: 167 | K47: 12 | L47: 62 | M47: 20 | O47: 0.86 | Q47: 1.48
A48: Итого прямые затраты по разделу с учетом коэффициентов к итогам (Районный к-т 4,3% (Поз. 12-14)) | J48: 169 | K48: 13 | L48: 63 | M48: 21 | O48: 0.86 | Q48: 1.48
A49: Накладные расходы | J49: 37
A50: Сметная прибыль | J50: 24
A51: Итого по разделу 2 Строительные работы | J51: 230 | O51: 0.86 | Q51: 1.48
A52: ИТОГИ ПО СМЕТЕ:
A53: Итого прямые затраты по смете в ценах 2001г. | J53: 4780 | K53: 309 | L53: 1051 | M53: 154 | O53: 22.71 | Q53: 9.53
A54: Итого прямые затраты по смете с учетом коэффициентов к итогам | J54: 5306 | K54: 432 | L54: 1406 | M54: 210 | O54: 30.36 | Q54: 12.35
A55: В том числе, справочно:
A56: Районный к-т 4,3% (Поз. 12-14, 5, 7-9, 11) | J56: 21 | K56: 13 | L56: 7 | M56: 7
A57: Заготовительно-складские расходы на материалы - согласно п.4.64 из МДС 81-35.2004 МАТ=1,02 (Поз. 1-4, 6) | J57: 48
A58: 2. Производство монтажных работ в существующих зданиях в стесненных условиях: с наличием в зоне производства работ действующего технологического оборудования ОЗП=1,35; ЭМ=1,35; ЗПМ=1,35; ТЗ=1,35; ТЗМ=1,35 (Поз. 5, 7-9, 11) | J58: 457 | K58: 108 | L58: 348 | M58: 49 | O58: 7.6475 | Q58: 2.8175
A59: Накладные расходы | J59: 615
A60: В том числе, справочно:
A61: 95% ФОТ (от 608) (Поз. 5, 7-9, 11) | J61: 578
A62: 110% ФОТ (от 34) (Поз. 12-14) | J62: 37
A63: Сметная прибыль | J63: 419
A64: В том числе, справочно:
A65: 65% ФОТ (от 608) (Поз. 5, 7-9, 11) | J65: 395
A66: 70% ФОТ (от 34) (Поз. 12-14) | J66: 24
A67: Итоги по смете:
A68: В том числе:
A69: Материалы | J69: 3468
A70: Машины и механизмы | J70: 1196
A71: ФОТ | J71: 642
A72: Накладные расходы | J72: 615
A73: Сметная прибыль | J73: 419
A74: ВСЕГО по смете | J74: 6340 | O74: 30.36 | Q74: 12.35
B76: Примечание: материал от разборки, пригодный для дальнейшего использования, передается балансодержателю по акту.

Sheet СМР
A1: Расчет начальной (максимальной) цены на
A2: выполнение монтажных работ по строительству здания 637. Площадка 6
A4: Наименование глав ССР, объектный сметных расчетов, локальных сметных расчетов, видов прочих работ | B4: Сметная стоимость строительства в базисном уровне цен на 01.01.2000г. по ССР | F4: Остаток сметной стоимости в базисном уровне цен на 01.01.2014 | J4: Сметная стоимость строительства в базисном уровне цен на 01.01.2000г., выставленная на конкурс | N4: Текущая стоимость на момент определения начальной (максимальной) цены | O4: № обосновывающего расчета | P4: 2014 год
B5: Всего | C5: СМР | D5: Оборудование | E5: Прочие | F5: Всего | G5: СМР | H5: Оборудование | I5: Прочие | J5: Всего | K5: СМР | L5: Оборудование | M5: Прочие | P5: СМР | Q5: Оборудование | R5: Прочие
A6: 1 | B6: 2 | C6: 3 | D6: 4 | E6: 5 | F6: 6 | G6: 7 | H6: 8 | I6: 9 | J6: 10 | K6: 11 | L6: 12 | M6: 13 | N6: 14 | O6: 15 | P6: 16 | Q6: 17 | R6: 18
A7: Электроснабжение (наружные сети) | B7: =SUM(C7:E7) -> 22524 | C7: ='25203'!J110 -> 22524 | F7: =SUM(G7:I7) -> 22524 | G7: =C7 -> 22524 | H7: =D7 -> 0 | I7: =E7 -> 0 | J7: =SUM(K7:M7) -> 22524 | K7: =P7 -> 22524 | L7: =Q7 -> 0 | M7: =R7 -> 0 | O7: 25203 | P7: =G7 -> 22524 | Q7: =H7 -> 0 | R7: =I7 -> 0
A8: Телефонная связь (наружные сети) | B8: =SUM(C8:E8) -> 6340 | C8: ='25222'!J74 -> 6340 | F8: =SUM(G8:I8) -> 6340 | G8: =C8 -> 6340 | J8: =SUM(K8:M8) -> 6340 | K8: =P8 -> 6340 | O8: 25222 | P8: =G8 -> 6340
A9: Итого в ценах 2000 года: | B9: =SUM(B7:B8) -> 28864 | C9: =SUM(C7:C8) -> 28864 | D9: =SUM(D7:D8) -> 0 | E9: =SUM(E7:E8) -> 0 | F9: =SUM(F7:F8) -> 28864 | G9: =SUM(G7:G8) -> 28864 | H9: =SUM(H7:H7) -> 0 | I9: =SUM(I7:I7) -> 0 | J9: =SUM(J7:J8) -> 28864 | K9: =SUM(K7:K8) -> 28864 | L9: =SUM(L7:L7) -> 0 | M9: =SUM(M7:M7) -> 0 | N9: =SUM(P9:R9) -> 28864 | P9: =SUM(P7:P8) -> 28864 | Q9: =SUM(Q7:Q7) -> 0 | R9: =SUM(R7:R7) -> 0
A10: Итого в текущих ценах*: | N10: =SUM(P10:R10) -> 172607 | P10: =ROUND(P9*5.98,0) -> 172607 | Q10: =ROUND(Q9*4.21,0) -> 0 | R10: =ROUND(R9*10.48,0) -> 0
A11: НДС 18% | N11: =SUM(P11:R11) -> 31069.26 | P11: =ROUND(P10*18%,2) -> 31069.26 | Q11: =ROUND(Q10*18%,2) -> 0 | R11: =ROUND(R10*18%,2) -> 0
A12: Всего: | N12: =SUM(P12:R12) -> 203676.26 | P12: =SUM(P10:P11) -> 203676.26 | Q12: =SUM(Q10:Q11) -> 0 | R12: =SUM(R11:R11) -> 0
P13: 60000000
A14: * В расчете использованы индексы: | Q14: =P13-P12 -> 59796324
A15: - 5,98 индекс изменения сметной стоимости СМР к ТЕР 2001 (приказ ФГУП "Комбинат "Электрохимприбор" от 18.09.2013 №1902-П).
A17: Начальник отдела капитального строительства
A18: ФГУП "Комбинат "Электрохимприбор" | H18: В.В. Моляков
A20: Инженер по проектно-сметной работе | H20: Т.Ш. Ковязина
A22: Согласовано | H22: отдел 028

Sheet НМЦ договора
G1: Приложение №1
G2: к извещению на размещение заказа
G3: на выполнение комплекса работ
G4: по строительству объекта
A8: Определение начальной (максимальной) цены договора генерального подряда
A9: на выполнение работ на реконструкцию здания 377 Д (инв.№ 9101054) (устройство пола)
A10: на 2014 год
G13: ц.2000г./текущие цены, руб.
A14: Наименование услуг и работ (затрат) | C14: Сметная стоимость строительства в базисном уровне цен на 01.01.2000 г. | D14: Сметная стоимость строительства в текущем уровне цен, пресчитанная на момент проведения процедуры закупки | F14: Начальная (максимальная) цена | G14: в том числе по годам строительства
G17: 2014 г.
A21: 1 | C21: 2 | D21: 3 | F21: 4 | G21: 5
A22: СМР | C22: =СМР!K9 -> 28864 | D22: =F22 -> 172607 | F22: =G22 -> 172607 | G22: =СМР!P10 -> 172607
A23: Оборудование | C23: =СМР!L9 -> 0 | D23: =F23 -> 0 | F23: =G23 -> 0 | G23: =СМР!Q10 -> 0
A24: Прочие затраты | C24: =СМР!M9 -> 0 | D24: =F24 -> 0 | F24: =G24 -> 0 | G24: =СМР!R10 -> 0
A25: Всего: | C25: =SUM(C22:C24) -> 28864 | D25: =F25 -> 172607 | F25: =G25 -> 172607 | G25: =SUM(G22:G24) -> 172607
A26: НДС | D26: =F26 -> 31069.26 | F26: =G26 -> 31069.26 | G26: =СМР!P11+СМР!Q11 -> 31069.26
A27: Итого с НДС | D27: =F27 -> 203676.26 | F27: =G27 -> 203676.26 | G27: =СМР!P12+СМР!Q12 -> 203676.26
A29: В расчете использованы индексы:
A31: - 5,98 индекс изменения сметной стоимости СМР к ТЕР 2001 (приказ ФГУП "Комбинат "Электрохимприбор" от 18.09.2013 №1902-П)
A34: Начальник отдела капитального строительства
A35: ФГУП "Комбинат "Электрохимприбор" | F35: В.В. Моляков
A37: Инженер по проектно-сметной работе | F37: Т.Ш. Ковязина
A39: Согласовано | F39: отдел 028
